SAAA
PORT ROYAL DISASTER @ PAWNEE PARKSNREC
08/30/2028
 
TOP OF THE 1ST
Port Royal Disaster batting - Pitching for Pawnee ParksNRec : RHP José Alaniz
Pitching: RHP José Alaniz
Batting: LHB Ricky Payton 0-0: Ball
1-0: Called Strike
1-1: Foul Ball, location: 2F
1-2: Ground out 5-3 (Groundball, 56S)
Batting: RHB Nelson Abbey 0-0: Swinging Strike
0-1: Ball
1-1: Ground out 5-3 (Groundball, 56)
Batting: RHB Winston Sparks 0-0: Fly out, F1 (Line Drive, 13S)
Top of the 1st over - 0 run(s), 0 hit(s), 0 error(s), 0 left on base; Port Royal 0 - Pawnee 0
BOTTOM OF THE 1ST
Pawnee ParksNRec batting - Pitching for Port Royal Disaster : RHP Bryan Boyd
Pitching: RHP Bryan Boyd
Batting: RHB Dale Blair 0-0: Ball
1-0: SINGLE (Groundball, 56D)
Batting: RHB Britt Lynch 0-0: Ball
1-0: Ball
2-0: Ball
3-0: Called Strike
3-1: Foul Ball, location: 2F
3-2: Foul Ball, location: 2F
3-2: Base on Balls
Dale Blair to second
Batting: SHB Dennis Barraclough 0-0: Ball
1-0: Swinging Strike
1-1: Swinging Strike
1-2: Ball
2-2: Foul Ball, location: 2F
2-2: Strikes out swinging
Batting: LHB Tom Benjamin 0-0: Ball
1-0: Swinging Strike
1-1: Swinging Strike
1-2: Strikes out swinging
Batting: SHB Vicente Pueblo 0-0: Called Strike
0-1: SINGLE (Groundball, 4D)
Dale Blair to third
Britt Lynch to second
Runner from 3rd tries for Home, SAFE, no throw
Batting: RHB Rubén Alvarado 0-0: Called Strike
0-1: Ball
1-1: Ground out 1-3 (Groundball, 15)
Bottom of the 1st over - 1 run(s), 2 hit(s), 0 error(s), 2 left on base; Port Royal 0 - Pawnee 1
TOP OF THE 2ND
Port Royal Disaster batting - Pitching for Pawnee ParksNRec : RHP José Alaniz
Batting: RHB Loren Stallings 0-0: Foul Ball, location: 2F
0-1: Ground out 5-3 (Groundball, 5)
Batting: RHB Jesús Vargas 0-0: Ball
1-0: Swinging Strike
1-1: Foul Ball, location: 2F
1-2: Ball
2-2: Ball
3-2: Strikes out swinging
Batting: RHB Brandon Cooper 0-0: Foul Ball, location: 2F
0-1: Foul Ball, location: 2F
0-2: Ball
1-2: Ball
2-2: Ball
3-2: Ground out 4-3 (Groundball, 4)
Top of the 2nd over - 0 run(s), 0 hit(s), 0 error(s), 0 left on base; Port Royal 0 - Pawnee 1
BOTTOM OF THE 2ND
Pawnee ParksNRec batting - Pitching for Port Royal Disaster : RHP Bryan Boyd
Batting: RHB Iván Rodríguez 0-0: Ball
1-0: Swinging Strike
1-1: Foul Ball, location: 2F
1-2: Ball
2-2: Ball
3-2: Base on Balls
Batting: SHB Enrique Costello 0-0: Ball
1-0: Called Strike
1-1: Fly out, F5 (Line Drive, 5)
Batting: RHB Miguel Silva 0-0: Ball
1-0: Fly out, F7 (Flyball, 7)
Batting: RHB Dale Blair 0-0: Swinging Strike
0-1: Fly out, F1 (Popup, 13)
Bottom of the 2nd over - 0 run(s), 0 hit(s), 0 error(s), 1 left on base; Port Royal 0 - Pawnee 1
TOP OF THE 3RD
Port Royal Disaster batting - Pitching for Pawnee ParksNRec : RHP José Alaniz
Batting: LHB Bob Daugherty 0-0: Ball
1-0: Called Strike
1-1: Ball
2-1: Fly out, F4 (Popup, 4MD)
Batting: RHB Zach Lewis 0-0: Called Strike
0-1: Foul Ball, location: 2F
0-2: Ball
1-2: Ground out 6-3 (Groundball, 6M)
Batting: RHB Ronnie Cleveland 0-0: Foul Ball, location: 2F
0-1: Foul Ball, location: 2F
0-2: Ball
1-2: DOUBLE (Line Drive, 8RXD)
Batting: LHB Ricky Payton 0-0: Fly out, F8 (Flyball, 8LS)
Top of the 3rd over - 0 run(s), 1 hit(s), 0 error(s), 1 left on base; Port Royal 0 - Pawnee 1
BOTTOM OF THE 3RD
Pawnee ParksNRec batting - Pitching for Port Royal Disaster : RHP Bryan Boyd
Batting: RHB Britt Lynch 0-0: Ball
1-0: Ball
2-0: Fly out, F7 (Line Drive, 78D)
Batting: SHB Dennis Barraclough 0-0: Ball
1-0: Ball
2-0: Foul Ball, location: 2F
2-1: Ground out 6-3 (Groundball, 6)
Batting: LHB Tom Benjamin 0-0: Ball
1-0: Swinging Strike
1-1: Ball
2-1: Called Strike
2-2: Foul Ball, location: 2F
2-2: Ball
3-2: Strikes out looking
Bottom of the 3rd over - 0 run(s), 0 hit(s), 0 error(s), 0 left on base; Port Royal 0 - Pawnee 1
TOP OF THE 4TH
Port Royal Disaster batting - Pitching for Pawnee ParksNRec : RHP José Alaniz
Batting: RHB Nelson Abbey 0-0: Called Strike
0-1: Ball
1-1: Ball
2-1: Called Strike
2-2: Ball
3-2: Base on Balls
Batting: RHB Winston Sparks 0-0: Called Strike
0-1: Ball
1-1: Fly out, F7 (Flyball, 7LSF)
Batting: RHB Loren Stallings 0-0: Ball
1-0: DOUBLE (Line Drive, 78XD)
Nelson Abbey to third
Runner from 3rd tries for Home, SAFE, throw made home
Batting: RHB Jesús Vargas 0-0: Called Strike
0-1: Ball
1-1: Ball
2-1: Foul Ball, location: 2F
2-2: SINGLE (Groundball, 56) (infield hit)
Loren Stallings to third
Batting: RHB Brandon Cooper 0-0: Called Strike
0-1: Ball
1-1: Ball
2-1: Ball
3-1: Grounds into double play, 5-4-3 (Groundball, 56)
Top of the 4th over - 1 run(s), 2 hit(s), 0 error(s), 1 left on base; Port Royal 1 - Pawnee 1
BOTTOM OF THE 4TH
Pawnee ParksNRec batting - Pitching for Port Royal Disaster : RHP Bryan Boyd
Batting: SHB Vicente Pueblo 0-0: Ball
1-0: Ball
2-0: Ball
3-0: Called Strike
3-1: Foul Ball, location: 2F
3-2: Strikes out swinging
Batting: RHB Rubén Alvarado 0-0: Ball
1-0: Ball
2-0: Foul Ball, location: 2F
2-1: Ball
3-1: Called Strike
3-2: Base on Balls
Batting: RHB Iván Rodríguez 0-0: Called Strike
0-1: Ball
1-1: Ball
2-1: Fly out, F8 (Flyball, 8RM)
Batting: SHB Enrique Costello 0-0: Fly out, F9 (Flyball, 9S)
Bottom of the 4th over - 0 run(s), 0 hit(s), 0 error(s), 1 left on base; Port Royal 1 - Pawnee 1
TOP OF THE 5TH
Port Royal Disaster batting - Pitching for Pawnee ParksNRec : RHP José Alaniz
Batting: LHB Bob Daugherty 0-0: Ball
1-0: Ball
2-0: Called Strike
2-1: Foul Ball, location: 2F
2-2: Ground out 4-3 (Groundball, 34)
Batting: RHB Zach Lewis 0-0: Ball
1-0: Called Strike
1-1: Ball
2-1: Foul Ball, location: 2F
2-2: Ball
3-2: Base on Balls
Batting: RHB Ronnie Cleveland 0-0: Ball
1-0: Called Strike
1-1: Foul Ball, location: 2F
1-2: Ball
2-2: Fly out, F6 (Popup, 6)
Batting: LHB Ricky Payton 0-0: Foul Ball, location: 2F
0-1: Swinging Strike
0-2: Ball
1-2: Fielders Choice at 2nd, 6-4 (Groundball, 6)
Top of the 5th over - 0 run(s), 0 hit(s), 0 error(s), 0 left on base; Port Royal 1 - Pawnee 1
BOTTOM OF THE 5TH
Pawnee ParksNRec batting - Pitching for Port Royal Disaster : RHP Bryan Boyd
Batting: RHB Miguel Silva 0-0: Called Strike
0-1: Called Strike
0-2: Strikes out looking
Batting: RHB Dale Blair 0-0: Ball
1-0: Ball
2-0: Called Strike
2-1: Fly out, F9 (Flyball, 9D)
Batting: RHB Britt Lynch 0-0: Ball
1-0: Foul Ball, location: 2F
1-1: Swinging Strike
1-2: Ball
2-2: Ball
3-2: TRIPLE (Flyball, 89XD)
Batting: SHB Dennis Barraclough 0-0: Ball
1-0: Called Strike
1-1: Swinging Strike
1-2: Foul Ball, location: 2F
1-2: Ground out 4-3 (Groundball, 4)
Bottom of the 5th over - 0 run(s), 1 hit(s), 0 error(s), 1 left on base; Port Royal 1 - Pawnee 1
TOP OF THE 6TH
Port Royal Disaster batting - Pitching for Pawnee ParksNRec : RHP José Alaniz
Batting: RHB Nelson Abbey 0-0: Ground out 5-3 (Groundball, 56)
Batting: RHB Winston Sparks 0-0: Ground out 6-3 (Groundball, 6)
Batting: RHB Loren Stallings 0-0: Foul Ball, location: 2F
0-1: Called Strike
0-2: Ball
1-2: Strikes out swinging
Top of the 6th over - 0 run(s), 0 hit(s), 0 error(s), 0 left on base; Port Royal 1 - Pawnee 1
BOTTOM OF THE 6TH
Pawnee ParksNRec batting - Pitching for Port Royal Disaster : RHP Bryan Boyd
Batting: LHB Tom Benjamin 0-0: Called Strike
0-1: Ball
1-1: Foul Ball, location: 2F
1-2: Foul Ball, location: 2F
1-2: Ball
2-2: DOUBLE (Line Drive, 3D)
Batting: SHB Vicente Pueblo 0-0: Ball
1-0: Ball
2-0: Ball
3-0: Base on Balls
Batting: RHB Rubén Alvarado 0-0: Ball
1-0: Sac Bunt - play at first, batter OUT! 3-4
Tom Benjamin to third
Vicente Pueblo to second
Batting: RHB Iván Rodríguez 0-0: Ball
1-0: Foul Ball, location: 2F
1-1: Ball
2-1: Ball
3-1: Fly out, F7 (Line Drive, 7LM)
Runner from 3rd tags up, SCORES, no throw
Batting: SHB Enrique Costello 0-0: Ball
1-0: Foul Ball, location: 2F
1-1: Ball
2-1: SINGLE (Groundball, 34D)
Vicente Pueblo to third
Runner from 3rd tries for Home, SAFE, throw made home
Enrique Costello to second
Batting: RHB Miguel Silva 0-0: Called Strike
0-1: Ball
1-1: Ground out 5-3 (Groundball, 56)
Bottom of the 6th over - 2 run(s), 2 hit(s), 0 error(s), 1 left on base; Port Royal 1 - Pawnee 3
TOP OF THE 7TH
Port Royal Disaster batting - Pitching for Pawnee ParksNRec : RHP José Alaniz
Batting: RHB Jesús Vargas 0-0: Ball
1-0: Ball
2-0: Foul Ball, location: 2F
2-1: Ground out 5-3 (Groundball, 56)
Batting: RHB Brandon Cooper 0-0: Foul Ball, location: 2F
0-1: Foul Ball, location: 2F
0-2: Ball
1-2: Ball
2-2: Foul Ball, location: 2F
2-2: Ball
3-2: Foul Ball, location: 2F
3-2: Foul Ball, location: 2F
3-2: Fly out, F9 (Flyball, 9)
Batting: LHB Bob Daugherty 0-0: Ball
1-0: Called Strike
1-1: Ball
2-1: Fly out, F2 (Popup, 23)
Top of the 7th over - 0 run(s), 0 hit(s), 0 error(s), 0 left on base; Port Royal 1 - Pawnee 3
BOTTOM OF THE 7TH
Pawnee ParksNRec batting - Pitching for Port Royal Disaster : RHP Bryan Boyd
Pitching: RHP Alfredo Hernández
Batting: RHB Dale Blair 0-0: Ball
1-0: Ball
2-0: Ball
3-0: Called Strike
3-1: Base on Balls
Batting: RHB Britt Lynch 0-0: Bunted foul
0-1: Bunted foul
0-2: Foul Ball, location: 2F
0-2: Ball
1-2: Foul Ball, location: 2F
1-2: Ball
2-2: Foul Ball, location: 2F
2-2: Ball
3-2: Base on Balls
Dale Blair to second
Batting: SHB Dennis Barraclough 0-0: Called Strike
0-1: Ball
1-1: SINGLE (Groundball, 6MD)
Dale Blair to third
Britt Lynch to second
Batting: LHB Tom Benjamin 0-0: Called Strike
0-1: Foul Ball, location: 2F
0-2: Ball
1-2: Foul Ball, location: 2F
1-2: Fly out, F4 (Popup, 34)
Batting: SHB Vicente Pueblo 0-0: Ball
1-0: Ball
2-0: Called Strike
2-1: Foul Ball, location: 2F
2-2: Grounds into fielders choice 4-2 (Groundball, 34)
Britt Lynch to third
Dennis Barraclough to second
Batting: RHB Rubén Alvarado 0-0: Called Strike
0-1: Ball
1-1: Swinging Strike
1-2: Ball
2-2: Ball
3-2: Foul Ball, location: 2F
3-2: Reached on error, E3 (Popup, 3S)
Britt Lynch scores
Dennis Barraclough to third
Vicente Pueblo to second
Batting: RHB Iván Rodríguez 0-0: Ball
1-0: Fly out, F8 (Flyball, 8RS)
Bottom of the 7th over - 1 run(s), 1 hit(s), 1 error(s), 3 left on base; Port Royal 1 - Pawnee 4
TOP OF THE 8TH
Port Royal Disaster batting - Pitching for Pawnee ParksNRec : RHP José Alaniz
Batting: RHB Zach Lewis 0-0: Called Strike
0-1: Swinging Strike
0-2: Foul Ball, location: 2F
0-2: Ball
1-2: Ball
2-2: Fly out, F8 (Flyball, 78M)
Batting: RHB Ronnie Cleveland 0-0: Ground out 6-3 (Groundball, 6)
Batting: LHB Ricky Payton 0-0: Ground out U3 (Groundball, 34)
Top of the 8th over - 0 run(s), 0 hit(s), 0 error(s), 0 left on base; Port Royal 1 - Pawnee 4
BOTTOM OF THE 8TH
Pawnee ParksNRec batting - Pitching for Port Royal Disaster : RHP Alfredo Hernández
Batting: SHB Enrique Costello 0-0: Swinging Strike
0-1: Swinging Strike
0-2: Ball
1-2: Ball
2-2: Strikes out swinging
Batting: RHB Miguel Silva 0-0: Ground out 6-3 (Groundball, 56)
Batting: RHB Dale Blair 0-0: Called Strike
0-1: SINGLE (Groundball, 6MD)
Batting: RHB Britt Lynch 0-0: SINGLE (Flyball, 8LS)
Dale Blair to second
Batting: SHB Dennis Barraclough 0-0: Called Strike
0-1: Foul Ball, location: 2F
0-2: Ball
1-2: Ball
2-2: Foul Ball, location: 2F
2-2: Foul Ball, location: 2F
2-2: Ball
3-2: Strikes out swinging
Bottom of the 8th over - 0 run(s), 2 hit(s), 0 error(s), 2 left on base; Port Royal 1 - Pawnee 4
TOP OF THE 9TH
Port Royal Disaster batting - Pitching for Pawnee ParksNRec : RHP José Alaniz
Pitching: RHP Ángel Ruíz
Batting: RHB Nelson Abbey 0-0: DOUBLE (Line Drive, 8RD)
Batting: RHB Winston Sparks 0-0: Called Strike
0-1: SINGLE (Flyball, 8LS)
Nelson Abbey to third
Pinch Hitting: LHB Rubén López 0-0: Ball
1-0: Called Strike
1-1: Ball
2-1: Foul Ball, location: 2F
2-2: Fly out, F8 (Flyball, 8RD)
Runner from 3rd tags up, SCORES, no throw
Pinch Hitting: SHB Arsenio Sameiro 0-0: Foul Ball, location: 2F
0-1: Foul Ball, location: 2F
0-2: Ball
1-2: Foul Ball, location: 2F
1-2: Strikes out swinging
Batting: RHB Brandon Cooper 0-0: Ball
1-0: Foul Ball, location: 2F
1-1: Ball
2-1: Fly out, F6 (Line Drive, 6)
Top of the 9th over - 1 run(s), 2 hit(s), 0 error(s), 1 left on base; Port Royal 2 - Pawnee 4
Wednesday, August 30th, 2017 - OOTP Baseball 17.12 Build 75